 Dungeon Crawl Stone Soup version 0.29.0-4-gdea44cf6ec (webtiles) character file.

Game seed: 7068696151697290379

64 qw the Sneak (level 4, -6/28 HPs)
             Began as a Gargoyle Delver on Sept 10, 2022.
             Mangled by a gnoll
             ... wielding a +0 spear
              (7 damage)
             ... on level 2 of the Dungeon.
             The game lasted 00:00:21 (1051 turns).

qw the Sneak (Gargoyle Delver)                      Turns: 1051, Time: 00:00:21

Health: -6/28      AC:  6    Str: 18    XL:     4   Next: 12%
Magic:  4/4        EV: 11    Int: 10    God:
Gold:   20         SH:  0    Dex: 11    Spells: 3/3 levels left

rFire   . . .      SeeInvis .   Y - +0 war axe
rCold   . . .      Faith    .   (no shield)
rNeg    + . .      Spirit   .   b - +0 leather armour
rPois   inf        Reflect  .   (no helmet)
rElec   +          Harm     .   (no cloak)
rCorr   .          Rampage  .   (no gloves)
Will    .....                   (no boots)
Stlth   +++.......              (no amulet)
HPRegen 0.09/turn               (no ring)
MPRegen 0.09/turn               (no ring)

@: no status effects
A: sickness immunity, AC +3, negative energy resistance 1, electricity
resistance, torment resistance 1, petrification resistance
a: no special abilities


You were on level 2 of the Dungeon.
You visited 1 branch of the dungeon, and saw 4 of its levels.

You collected 20 gold pieces.


Innate Abilities, Weirdness & Mutations

You are immune to sickness and miasma.
Your stone body is resilient. (AC +3)
You are immune to poison.
You resist negative energy. (rN+)
You are resistant to electric shocks. (rElec)
You are resistant to unholy torment.
You are immune to petrification.


   Skills:
 - Level 3.2 Fighting
 + Level 3.9 Axes
 - Level 1.5 Dodging
 - Level 5.4 Stealth


You had 3 spell levels left.
You didn't know any spells.
Your spell library was empty.

Inventory:

Hand Weapons
 d - a +0 mace
 Y - a +0 war axe (weapon)
Armour
 b - a +0 leather armour (worn)
Wands
 g - a wand of digging (3)
Potions
 a - a potion of invisibility {unknown}
 c - a potion of mutation {unknown}
 e - a potion of heal wounds {unknown}
 f - a potion of haste

Dungeon Overview and Level Annotations

Branches:
Dungeon (5/15)
 Temple: D:4-7

Altars:
Gozag

Shops:
D:4 *

Annotations:
D:4 2 runed translucent doors


Message History

You kill the worm!
You start resting.
HP restored.
a - a glowing green potion
d - a +0 mace
e - an emerald potion A gnoll comes into view.
It is wielding a +0 flail.
The gnoll moves out of view.
Enter note: A gnoll comes into view. It is wielding a +0 spear.
1041 ||| Stepping ~*~*~tactically~*~*~ (stealth).
There is an open door here.
1043 ||| Stepping ~*~*~tactically~*~*~ (stealth).
The gnoll shouts! x2
There is an open door here.
The gnoll hits you from afar with a +0 spear.
A bat comes into view.
The gnoll hits you with a +0 flail. The gnoll hits you with a +0 spear.
You closely miss the gnoll. You hit the gnoll. The gnoll misses you.
The gnoll hits you but does no damage.
You barely miss the gnoll.
The gnoll is lightly wounded.
You hit the gnoll. The bat hits you. The gnoll misses you.
The gnoll barely misses you.
You barely miss the gnoll. Your punch misses the gnoll.
The gnoll is moderately wounded.
You slash the gnoll! You closely miss the bat.
The bat hits you but does no damage. The gnoll closely misses you.
The gnoll barely misses you. The gnoll hits you but does no damage.
The gnoll hits you with a +0 flail!
You closely miss the gnoll.
The gnoll is heavily wounded.
You hit the gnoll. The bat hits you.
The gnoll hits you but does no damage. x2
You closely miss the gnoll.
The gnoll is severely wounded.
You closely miss the gnoll. You barely miss the bat.
The bat hits you but does no damage. The bat closely misses you. x2
The gnoll hits you with a +0 flail. The gnoll hits you with a +0 spear!
You die...

..# ..# ..# ..# ..#
################.##
..#
#..................
..#
#.########'#####.##
..####.# #......#
.......# #..@...#
......##
#...gg.....#
....#.#
#.b.....##.#
..#.#.# #.......# #
#.#.#.# #.......#
#.#.#.# #.......#
#.#.#.# #.......#
#.#.#.# #.#+##### #
#.#.#


You could see 2 gnolls and a bat.

Vanquished Creatures
  Natasha (D:2)
  3 adders (D:3)
  2 worms
  2 ball pythons (D:3)
  An endoplasm (D:3)
  A giant cockroach (D:3)
  2 kobolds
12 creatures vanquished.

Notes
Turn   | Place    | Note
-------+----------+-------------------------------------------
     0 | D:5      | qw the Gargoyle Delver began the quest for the Orb.
     0 | D:5      | Reached XP level 1. HP: 14/14 MP: 1/1
     0 | D:5      | 0 ||| qw: Version: 0.1-a-116-g5d60599
     0 | D:5      | 0 ||| qw: Game counter: 8952
     0 | D:5      | 0 ||| qw: Always use a shield: true
     0 | D:5      | 0 ||| qw: God list: Okawaru
     0 | D:5      | 0 ||| qw: Allow faded altars: false
     0 | D:5      | 0 ||| qw: Do Orc after D:15 true
     0 | D:5      | 0 ||| qw: Do second Lair branch before Depths: true
     0 | D:5      | 0 ||| qw: Lair rune preference: random
     0 | D:5      | 0 ||| qw: Plans: Normal
     0 | D:5      | 0 ||| PLANNING D:1-11
     0 | D:5      | 0 ||| DROPPING scroll of fog.
     1 | D:5      | 1 ||| DROPPING scroll of magic mapping.
     2 | D:5      | 2 ||| DROPPING scroll of fear.
     6 | D:4      | Found Payst's Assorted Antiques.
     6 | D:4      | Found a runed translucent gate.
     6 | D:4      | Found a runed translucent gate.
     9 | D:4      | Found an opulent altar of Gozag.
    26 | D:3      | Reached XP level 2. HP: 12/19 MP: 2/2
   174 | D:3      | You fall into a shaft and drop 1 floor!
   177 | D:4      | 177 ||| Stepping ~*~*~tactically~*~*~ (stealth).
   178 | D:4      | 178 ||| Stepping ~*~*~tactically~*~*~ (stealth).
   284 | D:3      | 284 ||| SWAPPING to +0 war axe.
   289 | D:3      | Reached skill level 3 in Axes
   452 | D:3      | 452 ||| DROPPING +0 hand axe.
   495 | D:3      | Reached XP level 3. HP: 12/23 MP: 3/3
   852 | D:3      | 852 ||| READING scroll labelled GIAFEI JACIVIOQA.
   853 | D:3      | 853 ||| READING scroll labelled MOTUESMACH.
   854 | D:3      | 854 ||| READING scroll labelled QEZOOT WUGEHU.
   864 | D:2      | Noticed Natasha
   870 | D:2      | Killed Natasha
   871 | D:2      | Reached XP level 4. HP: 28/28 MP: 4/4
  1041 | D:2      | 1041 ||| Stepping ~*~*~tactically~*~*~ (stealth).
  1043 | D:2      | 1043 ||| Stepping ~*~*~tactically~*~*~ (stealth).
  1049 | D:2      | HP: 5/28 [gnoll/+0 flail (9)]
  1051 | D:2      | HP: 1/28 [gnoll/+0 flail (3)]
  1051 | D:2      | Mangled by a gnoll

Levels and vault maps discovered:
D:2:      layout_basic, uniq_natasha
D:3:      layout_basic
D:4:      layout_cave_pools, nicolae_tso_swordbearing_angel,
          mainiacjoe_overflow_catwalk, minmay_temple_entry_overgrown,
          ebering_ghost_gozag, roderic_batcave, nicolae_stop_n_shop_2,
          uniq_edmund
D:5:      layout_rooms, serial_demonic, serial_demonic_e, serial_demonic_b,
          serial_demonic_b, serial_demonic_e, serial_demonic_a,
          serial_demonic_c, serial_demonic_c

Skill      XL: |  1  2 |
---------------+-------+-----
Axes           | 2 3 |  3.9
Fighting       | |  3.2
Dodging        | |  1.5
Stealth        | |  5.4

Action                   |  1- 3 |  4- 6 || total
-------------------------+-------+-------++-------
Melee: Hand axe          |    19 |       ||    19
       War axe           |    28 |    14 ||    42
       Punch             |     1 |       ||     1
  Use: Scroll            |     3 |       ||     3
 Stab: Sleeping          |     2 |       ||     2
Armor: Leather armour    |    17 |     7 ||    24
Dodge: Dodged            |    29 |    11 ||    40

Table legend:
 A = Non-vault XP
 B = Vault XP
 C = Vault XP percentage of total XP
 D = Non-vault monster count
 E = Vault monster count
 F = Vault count percentage of total count
                 A         B        C        D         E       F
            +---------+---------+-------+---------+---------+-------
      Total |      59 |      33 |  35.9 |      11 |       1 |   8.3
            +---------+---------+-------+---------+---------+-------
        D:2 |       5 |      33 |  86.8 |       1 |       1 |  50.0
        D:3 |      53 |       0 |   0.0 |       9 |       0 |   0.0
        D:4 |       1 |       0 |   0.0 |       1 |       0 |   0.0
            +---------+---------+-------+---------+---------+-------
